 Dungeon Crawl Stone Soup version 0.29-a0-231-g945431f764 (webtiles) character file.

Game seed: 10897212332472167801

43 blinkfrog the Skirmisher (level 3, -1/29 HPs)
             Began as a Demonspawn Chaos Knight on Mar 1, 2022.
             Was a Plaything of Xom.
             Killed from afar by a rime drake (shapeshifter) (29 damage)
             ... with a flash freeze
             ... on level 1 of the Dungeon.
             The game lasted 00:06:18 (614 turns).

blinkfrog the Skirmisher (Demonspawn Chaos Knight)   Turns: 614, Time: 00:06:19

Health: -1/29      AC:  6    Str: 12    XL:     3   Next: 37%
Magic:  3/3        EV: 11    Int: 15    God:    Xom [..*...]
Gold:   36         SH:  4    Dex: 12    Spells: 2/2 levels left

rFire   . . .      SeeInvis .   a - +0 falchion (chaos)
rCold   . . .      Faith    .   (no shield)
rNeg    . . .      Spirit   .   b - +2 leather armour
rPois   .          Reflect  .   (no helmet)
rElec   .          Harm     .   (no cloak)
rCorr   .          Rampage  .   i - +0 pair of gloves
Will    .....                   (no boots)
Stlth   +.........              (no amulet)
HPRegen 0.09/turn               (no ring)
MPRegen 0.08/turn               (no ring)

@: attractive
A: condensation shield
a: Renounce Religion


You were on level 1 of the Dungeon.
You worshipped Xom.
You were a toy of Xom.
You visited 1 branch of the dungeon, and saw 2 of its levels.

You collected 36 gold pieces.

Inventory:

Hand Weapons
 a - a +0 falchion of chaos (weapon)
Armour
 b - a +2 leather armour (worn)
 i - a +0 pair of gloves (worn)
Magical Staves
 c - a staff of air
Jewellery
 g - an amulet of magic regeneration
Scrolls
 h - a scroll of torment
Potions
 d - a potion of curing


   Skills:
 + Level 3.4 Fighting
 + Level 3.0 Long Blades
 + Level 2.3 Armour
 + Level 1.5 Dodging


You had 2 spell levels left.
You didn't know any spells.
Your spell library contained the following spells:

 Spells                   Type           Power      Damage    Failure   Level
 Inner Flame              Hex/Fire       0%         N/A       71%         3
 Cause Fear               Hex            0%         N/A       98%         4
 Discord                  Hex            0%         N/A       100%        8


Dungeon Overview and Level Annotations

Branches:
Dungeon (2/15)

Altars:


Innate Abilities, Weirdness & Mutations

A meltable shield of frost defends you. (SH +4)


Message History

You now have 36 gold pieces (gained 13).
An endoplasm is nearby!
Press: ? - help, . - travel You can't see that place. [a dispersal trap.]
A dart slug comes into view.
The dart slug launches a dart at you. The slug dart hits you.
The endoplasm quivers.
The dart slug launches a dart at you. The slug dart misses you.
You slash the dart slug!
The dart slug is severely wounded.
The dart slug launches a dart at you. The slug dart misses you.
You hit the dart slug.
The dart slug is almost dead.
You hit the dart slug.
You kill the dart slug!
You hit the endoplasm.
The endoplasm changes into a shapeshifter!
Xom thinks this is hilarious!
The shapeshifter changes into a rime drake!
Press: ? - help, v - describe, . - travel, g - get item Item here: a book of Touch.
The floor.
As you read the scroll labelled GOROXIRRESCH, it crumbles to dust.
It is a scroll of identify.
h - a scroll of torment It was a potion of curing.
You feel better.
Xom thinks this is hilarious!
The rime drake bites you but does no damage.
The rime drake bites you.
It was a potion of attraction.
You feel attractive to monsters. The rime drake breathes ice at you.
The flash freeze hits you!!
Ouch! That really hurt!
You die...
Xom chortles!

▒▒∙∙∙∙∙∙∙∙)∙∙▒ ∙∙∙
∙▒▒∙∙∙∙▒∙▒∙▒∙▒∙∙ ∙∙∙
∙∙▒▒∙∙∙∙∙∙∙∙∙∙∙∙ ▒∙▒
∙▒▒∙∙∙▒∙∙▒∙<∙▒∙∙ ▒J▒
∙▒▒▒∙∙∙∙∙∙∙∙∙∙∙∙ ▒∙▒
∙▒▒∙∙▒∙∙∙▒∙▒∙▒∙▒ ▒∙▒
∙▒▒▒∙∙∙▒∙∙∙∙∙∙∙∙
▒∙▒▒▒▒∙▒▒%▒▒∙∙∙∙∙∙▒∙∙∙[▒∙
▒∙▒∙∙∙∙k@∞∙▒▒∙∙∙∙∙∙∙▒∙∙∙∙
▒∙▒∙▒▒▒▒▒▒▒▒∙∙∙∙∙∙∙∙∙∙▒∙∙
▒∙▒∙▒ ▒▒▒▒∙∙∙∙∙∙∙∙∙∙∙∙
▒^▒∙▒ ▒∙∙∙▒∙▒∙▒∙▒∙▒)▒∙
▒∙▒∙▒ ▒▒∙▒∙▒▒▒▒▒▒▒▒▒▒▒▒
▒∙▒∙▒▒▒▒▒∙∙▒∙∙∙∙∙∙∙∙∙∙∙∙∙
▒∙∙∙∙∙∙∙∙∙)∙∙▒▒▒▒∙▒▒▒▒▒▒▒
▒▒▒∙▒▒▒▒▒▒▒▒▒▒ ▒∙▒ ▒▒▒▒▒
▒∙▒ ▒∙▒ ▒∙∙∙∙


You could see a rime drake shaped shifter (catching breath).

Vanquished Creatures
  A gnoll (D:1)
  An adder (D:2)
  2 dart slugs (D:1)
  An endoplasm (D:1)
  2 goblins (D:1)
  3 hobgoblins (D:1)
  3 jackals (D:1)
  2 ball pythons (D:1)
  3 bats (D:1)
  A rat (D:1)
19 creatures vanquished.

Vanquished Creatures (collateral kills)
  A quokka (D:1)
1 creature vanquished.

Grand Total: 20 creatures vanquished

Notes
Turn   | Place    | Note
-------+----------+-------------------------------------------
     0 | D:1      | blinkfrog the Demonspawn Chaos Knight began the quest for
                  | the Orb.
     0 | D:1      | Reached XP level 1. HP: 18/18 MP: 1/1
    33 | D:1      | XOM: potion effect (haste)
    80 | D:1      | XOM: divination: magic mapping
    84 | D:1      | Reached skill level 1 in Dodging
   145 | D:1      | You fall into a shaft and drop 1 floor!
   156 | D:2      | XOM: silly message
   157 | D:2      | XOM: silly message
   163 | D:2      | Gained mutation: A meltable shield of frost defends you.
                  | (SH +4) [demonic ancestry]
   163 | D:2      | Reached XP level 2. HP: 22/24 MP: 2/2
   186 | D:1      | XOM: silly message
   295 | D:1      | XOM: noise
   373 | D:1      | XOM: cast spell 'Summon Ice Beast'
   387 | D:1      | Reached XP level 3. HP: 25/29 MP: 3/3
   396 | D:1      | XOM: noise
   611 | D:1      | Noticed a shapeshifter
   611 | D:1      | an endoplasm changed into a shapeshifter
   611 | D:1      | Noticed a rime drake
   611 | D:1      | a shapeshifter changed into a rime drake
   614 | D:1      | Killed from afar by a rime drake (shapeshifter)

Illustrated notes

Levels and vault maps discovered:
D:1:      co_arrival_square_in_a_square_in_a_square, layout_loops_ring
D:2:      layout_loops_ring, chequers_ecumenical_altar_simple_redux

Skill      XL: |  1  2 |
---------------+-------+-----
Dodging        | 1 |  1.5
Armour         | 2 |  2.3
Long Blades    | 3 |  3.0
Fighting       | |  3.4

Action                   || total
-------------------------++-------
Melee: Falchion          ||    73
  Use: Potion            ||     2
       Scroll            ||     1
Armor: Leather armour    ||    25
Dodge: Dodged            ||    41
Block: Other             ||    11

Table legend: (Time is in decaauts)
 A = Elapsed time spent in this place.
 B = Non-inter-level travel time spent in this place.
 C = Inter-level travel time spent in this place.
 D = Time resting spent in this place.
 E = Time spent auto-exploring this place.
 F = Levels seen in this place.
 G = Mean time per level.
                   A        B        C        D        E       F      G
               +--------+--------+--------+--------+--------+-----+--------+
         Total |    605 |    605 |      0 |      0 |    365 |   2 |  302.5 |
       Dungeon |    605 |    605 |      0 |      0 |    365 |   2 |  302.5 |
               +--------+--------+--------+--------+--------+-----+--------+

Top non-repeatable levels by time:
     D:1: 584 daAuts
     D:2: 21 daAuts
